 Dungeon Crawl Stone Soup version 0.21.1-1-g345015f (webtiles) character file.

75 nicolaieve the Chopper (level 4, 0/39 HPs)
             Began as a Minotaur Berserker on June 24, 2018.
             Was a Believer of Trog.
             Slain by a gnoll
             ... wielding a +0 spear
              (6 damage)
             ... on level 2 of the Dungeon.
             The game lasted 00:06:41 (1460 turns).

nicolaieve the Chopper (Minotaur Berserker)         Turns: 1460, Time: 00:06:42

Health: 0/39       AC:  5    Str: 23    XL:     4   Next: 11%
Magic:  3/3        EV:  8    Int:  4    God:    Trog [**....]
Gold:   102        SH:  8    Dex:  9    Spells: 3/3 levels left

rFire    . . .     SeeInvis .   a - +0 hand axe
rCold    . . .     Gourm    .   l - +0 shield
rNeg     . . .     Faith    .   p - +0 ring mail
rPois    .         Spirit   .   (helmet restricted)
rElec    .         Reflect  .   (no cloak)
rCorr    .         Harm     .   (no gloves)
MR       ++...                  (no boots)
Stlth    ..........             (no amulet)
HPRegen  1.13/turn              (no ring)
MPRegen  0.08/turn              (no ring)

@: regenerating
A: retaliatory headbutt, horns 2
a: Berserk, Trog's Hand, Burn Spellbooks, Renounce Religion


You were on level 2 of the Dungeon.
You worshipped Trog.
Trog was pleased with you.
You were not hungry.

You visited 1 branch of the dungeon, and saw 3 of its levels.

You collected 102 gold pieces.

Inventory:

Hand Weapons
 a - a +0 hand axe (weapon)
Armour
 b - a +0 animal skin
 k - a +0 leather armour
 l - a +0 shield (worn)
 p - a +0 ring mail (worn)
Scrolls
 d - 6 scrolls of identify {unknown}
 e - 2 scrolls of teleportation {unknown}
 f - 2 scrolls of enchant weapon {unknown}
 g - a scroll of fog {unknown}
 h - a scroll of immolation {unknown}
 j - a scroll of fear {unknown}
 q - a scroll of remove curse {unknown}
Potions
 i - 2 potions of resistance {unknown}
 m - a potion of degeneration {unknown}
 n - 2 potions of curing {unknown}
 o - a potion of lignification {unknown}
Comestibles
 c - 7 rations
 r - 4 chunks of flesh


   Skills:
 - Level 3.6 Fighting
 * Level 5.9 Axes
 - Level 2.4 Armour
 - Level 2.1 Dodging
 * Level 1.0 Shields


You had 3 spell levels left.
You didn't know any spells.

Dungeon Overview and Level Annotations

Branches:
Dungeon (3/15)

Altars:
Kikubaaqudgha
Okawaru

Annotations:
D:3 Grinder, Robin


Innate Abilities, Weirdness & Mutations

You reflexively headbutt those who attack you in melee.
You have a pair of horns on your head.


Message History

Level annotation: Grinder, Robin 4 gnolls come into view.
The gnoll shouts! x2; You hear a shout!
The gnoll hits you with a spear!
* * * LOW HITPOINT WARNING * * *
The gnoll barely misses you. You block the gnoll's attack.
You hear a shout! x2
Found a mace and a ration.
There is a stone staircase leading up here.
The gnoll hits you but does no damage. The gnoll hits you.
* * * LOW HITPOINT WARNING * * *
The gnoll closely misses you. You block the gnoll's attack.
You climb upwards.
There is a stone staircase leading down here.
Unknown command.
Your skin crawls.
You feel resistant to hostile enchantments.
You feel quite a bit more hungry. The gnoll hits you but does no damage.
The gnoll hits you with a spear.
You die...

.#.#
####.........#.#.#.#..#
##.#
#.......#.##..........#
##.#
#.##.##.#.##.#.#.#.#.##
...###.##.##.#.##.........#
..........#.......#.#.#.#.#
######.#..................#
#.....#.#.#.#..#.#.#.#.#
#...........#.g........#
#.)...#.#.#.g@...####### ##
#..>#...)...g...## .#
#...รท.#.#.#....## .#
#...............# .#
#...............# .#
#######.........# .##
###.....### ..# #.....#
..######## #.....# ######


You could see 3 gnolls.

Vanquished Creatures
  2 gnolls (D:2)
  An adder (D:2)
  An ooze (D:1)
  A worm (D:2)
  A dart slug (D:1)
  A leopard gecko (D:2)
  An orc (D:2)
  A ball python (D:2)
  2 giant cockroaches
  6 goblins
  3 hobgoblins
  3 jackals (D:2)
  2 bats (D:2)
  5 kobolds
  5 rats
35 creatures vanquished.

Notes
Turn   | Place    | Note
-------+----------+-------------------------------------------
     0 | D:1      | nicolaieve the Minotaur Berserker began the quest for the Orb.
     0 | D:1      | Reached XP level 1. HP: 19/19 MP: 0/0
   108 | D:1      | Reached skill level 4 in Axes
   237 | D:1      | Reached XP level 2. HP: 26/26 MP: 1/1
   618 | D:2      | Found an ancient bone altar of Kikubaaqudgha.
   803 | D:2      | Reached skill level 5 in Axes
   804 | D:2      | Reached XP level 3. HP: 26/31 MP: 2/2
   947 | D:2      | Found an iron altar of Okawaru.
   960 | D:2      | Reached ** piety under Trog
  1290 | D:3      | Noticed Grinder
  1293 | D:3      | Paralysed by Grinder for 5 turns
  1296 | D:3      | Noticed Robin
  1303 | D:2      | Reached XP level 4. HP: 6/39 MP: 3/3
  1444 | D:2      | Reached skill level 1 in Shields
  1460 | D:2      | Slain by a gnoll

Skill      XL: |  1  2  3  4 |
---------------+-------------+-----
Axes           | 4 5 |  5.9
Shields        | 1 |  1.0
Fighting       | |  3.6
Armour         | |  2.4
Dodging        | |  2.1

Action                   |  1- 3 |  4- 6 || total
-------------------------+-------+-------++-------
Melee: Hand axe          |    64 |    12 ||    76
       Headbutt          |    10 |       ||    10
Invok: Berserk           |     1 |       ||     1
       Trog's Hand       |       |     2 ||     2
  Eat: Chunk             |     2 |     1 ||     3
Armor: Animal skin       |     2 |       ||     2
       Leather armour    |     6 |       ||     6
       Ring mail         |    17 |     9 ||    26
Dodge: Dodged            |    22 |     5 ||    27
Block: Shield            |    22 |     9 ||    31
